 Dungeon Crawl Stone Soup version 0.32-a0-39-g5c88369fb2 (webtiles) character file.

Game seed: 14328090750017446721

1887 Ge0ff the Thaumaturge (level 8, -1/58 HPs)
             Began as a Mummy Cinder Acolyte on Jan 30, 2024.
             Was a High Priest of Ignis.
             Incinerated by a bombardier beetle (4 damage)
             ... with a burning spray
             ... on level 6 of the Dungeon.
             The game lasted 00:08:58 (7033 turns).

Ge0ff the Thaumaturge (Mummy Cinder Acolyte)        Turns: 7033, Time: 00:08:58

Health: -1/58      AC: 16    Str: 17    XL:     8   Next: 92%
Magic:  7/21       EV: 11    Int: 15    God:    Ignis [*****.]
Gold:   214        SH:  0    Dex:  8    Spells: 24/26 levels left

rFire   . . .        a - +0 trident (elec)
rCold   + + .        (no shield)
rNeg    + + +        Y - +0 robe
rPois   ∞            X - +2 hat
rElec   .            R - +1 cloak
rCorr   .            Z - +2 pair of gloves
SInv    .            (no boots)
Will    +....        (no amulet)
Stlth   +            W - ring of flight
HPRegen 0.29/turn    U - ring of protection from cold
MPRegen 0.17/turn

%: faith
@: on fire, fiery-armoured, flying, glowing
A: cold resistance 1, negative energy resistance 3, torment resistance 2, heat
vulnerability 1, in touch with death 1, no potions, faith
a: Renounce Religion, Fiery Armour, Foxfire Swarm, Rising Flame


You were on level 6 of the Dungeon.
You worshipped Ignis.
Ignis was extremely pleased with you.
You visited 2 branches of the dungeon, and saw 7 of its levels.

You collected 382 gold pieces.
You spent 168 gold pieces at shops.

Inventory:

Hand Weapons
 a - a +0 trident of electrocution (weapon)
 b - the +7 dagger of Irrepressible Laughter {elec, rElec rN+}
   (You found it on level 5 of the Dungeon)

   rElec:     It insulates you from electricity.
   rN+:       It protects you from negative energy.
 Q - a -1 spear of flaming
 V - a +0 rapier
Missiles
 g - a throwing net {=F}
 v - 2 curare-tipped darts {=F}
 P - 36 stones
Armour
 R - a +1 cloak (worn)
 X - a +2 hat (worn)
 Y - a +0 robe (worn)
 Z - a +2 pair of gloves (worn)
Jewellery
 U - a ring of protection from cold (right hand)
 W - a ring of flight (left hand)
Wands
 k - a wand of iceblast (7)
Scrolls
 i - a scroll of identify
 y - 2 scrolls of immolation
 B - 3 scrolls of blinking
 E - 2 scrolls of fear
 J - a scroll of silence {!r}
 S - a scroll of butterflies
 T - 6 scrolls of teleportation


   Skills:
 - Level 3.0 Fighting
 - Level 2.4 Polearms
 - Level 2.0 Stealth
 + Level 9.5 Spellcasting
 + Level 7.0 Fire Magic
 + Level 1.2 Evocations


You had 24 spell levels left.
You knew the following spells:

 Your Spells              Type           Power      Damage    Failure   Level
C - Scorch                Fire           56%        2d7       1%          2

Your spell library contained the following spells:

 Spells                   Type           Power      Damage    Failure   Level
 Apportation              Tloc           14%        N/A       11%         1
 Dimensional Bullseye     Hex/Tloc       3%         N/A       71%         4
 Lehudib's Crystal Spear  Conj/Erth      3%         10d3      100%        8


Dungeon Overview and Level Annotations

Branches:
Dungeon (6/15) Zot: 26290  Temple (1/1) D:6 Zot: 5998

Altars:
Ashenzari
Cheibriados
Dithmenos
Fedhas
Gozag
Hepliaklqana
Kikubaaqudgha
Makhleb
Nemelex Xobeh
Okawaru
Qazlal
Ru
Sif Muna
Trog
Uskayaw
Vehumet
Wu Jian
Xom
Yredelemnul

Shops:
D:5 !   D:6 ?


Innate Abilities, Weirdness & Mutations

You are immune to poison.
Your flesh is cold resistant. (rC+)
You are immune to negative energy. (rN+++)
You are immune to unholy pain and torment.
You are vulnerable to heat. (rF-)
You are in touch with the powers of death.
You do not drink.
You have a special connection with the divine. (Faith)


Message History

You kill the bullfrog!
The centaur unwields a +1 heavy hand axe.
The centaur wields a +0 shortbow.
The centaur shoots an arrow.
The arrow closely misses you.
The bombardier beetle waves its antennae.
The bombardier beetle sprays incendiary fluid at you.
The burning spray hits you.
You are covered in liquid fire!
Your Evocations skill increases to level 1!
You barely miss the orc.
The orc is heavily wounded.
The liquid fire burns you! The orc hits you but does no damage.
The orc is burned by your cloak of flames.
You kill the orc!
You puncture the bombardier beetle!
The bombardier beetle is heavily wounded.
The liquid fire burns you!
You hit the bombardier beetle but do no damage.
The bombardier beetle is heavily wounded.
The liquid fire burns you!
* * * LOW HITPOINT WARNING * * *
The bombardier beetle sprays incendiary fluid at you.
The burning spray hits you.
You are even more covered in liquid fire!
You puncture the bombardier beetle!
Lightning courses through the bombardier beetle!
You kill the bombardier beetle!
The liquid fire burns you!
* * * LOW HITPOINT WARNING * * *
The centaur shoots an arrow.
The arrow completely misses you.
You hit the centaur.
The centaur is moderately wounded.
The liquid fire burns you!
* * * LOW HITPOINT WARNING * * *
The centaur unwields a +0 shortbow.
The centaur wields a +1 heavy hand axe.
The centaur barely misses you.
The centaur kicks you but does no damage.
The centaur is burned by your cloak of flames.
The centaur is moderately wounded.
You shake off some of the fire as you move.
The liquid fire burns you!
* * * LOW HITPOINT WARNING * * *
The centaur barely misses you.
The centaur kicks you but does no damage.
The centaur is burned by your cloak of flames.
The centaur is heavily wounded.
You shake off some of the fire as you move.
The liquid fire burns you!
You die...

.# #.# #..# #.. .
..##.####..# #.##.
$..........# ######..<#
†)....###..# ........##
.####.###..# .########.#
.>......†.÷# #............
.#.##...)..### .. ......####
#
#####....#####.##...####.#...
###).)c.@....... #.#.##
#..#####.##.#. #.#.# #..# #
#.#.## #..# #....# ##..#
###..# ##...## #.######..#
##.....## ....).....#
#....)..# #.######..#
##......# #.######..#


You could see a centaur.

Vanquished Creatures
  A two-headed ogre (D:6)
  Menkaure (D:4)
  An orc warrior (D:6)
  A black bear (D:5)
  An ogre (D:6)
  A phantom (D:5)
  2 bullfrogs (D:6)
  A scorpion (D:6)
  3 hounds
  3 bombardier beetles (D:6)
  Terence (D:2)
  3 jellies
  A sleepcap (D:5)
  3 orc wizards
  10 adders
  3 gnolls (D:2)
  A white imp (D:6)
  2 dart slugs
  3 ribbon worms (D:2)
  10 orcs
  10 ball pythons
  11 endoplasms
  3 giant cockroaches
  5 goblins
  5 hobgoblins
  8 jackals
  6 kobolds
  10 quokkas
  5 bats
  4 frilled lizards
  8 rats
127 creatures vanquished.

Vanquished Creatures (others)
  20 foxfires (D:2)
20 creatures vanquished.

Grand Total: 147 creatures vanquished

Notes
Turn   | Place    | Note
-------+----------+-------------------------------------------
     0 | D:1      | Ge0ff the Mummy Cinder Acolyte began the quest for the Orb.
     0 | D:1      | Reached XP level 1. HP: 18/18 MP: 2/2
   197 | D:1      | Reached XP level 2. HP: 15/24 MP: 4/4
   200 | D:1      | Learned a level 2 spell: Scorch
   308 | D:1      | Reached skill level 2 in Spellcasting
   383 | D:1      | Reached skill level 1 in Stealth
   712 | D:1      | Reached XP level 3. HP: 28/29 MP: 1/6
  1671 | D:2      | Noticed Terence
  1680 | D:2      | Killed Terence
  1681 | D:2      | Reached skill level 3 in Spellcasting
  1681 | D:2      | Reached XP level 4. HP: 26/35 MP: 2/8
  2215 | D:2      | Found a faded altar of an unknown god.
  2432 | D:2      | Reached XP level 5. HP: 41/41 MP: 3/10
  2508 | D:2      | Got Wipt's Parchment of Coordinates and Wounds
  2881 | D:2      | Reached skill level 4 in Spellcasting
  3575 | D:3      | Found a radiant altar of Vehumet.
  4642 | D:4      | Reached XP level 6. HP: 47/47 MP: 10/13
  4741 | D:4      | Noticed Menkaure
  4745 | D:4      | Killed Menkaure
  4746 | D:4      | Reached skill level 5 in Spellcasting
  5494 | D:5      | Entered Level 5 of the Dungeon
  5609 | D:5      | Reached skill level 6 in Spellcasting
  5609 | D:5      | Reached XP level 7. HP: 52/52 MP: 10/16
  5719 | D:5      | Found Omeovoav's Distillery.
  5840 | D:5      | Identified the +7 dagger of Irrepressible Laughter {elec,
                  | rElec rN+}
  5867 | D:5      | Found an iron altar of Okawaru.
  5867 | D:5      | Found a hide-covered altar of Uskayaw.
  5869 | D:5      | Found a bloodstained altar of Trog.
  6108 | D:5      | Reached skill level 5 in Fire Magic
  6483 | D:6      | Found a staircase to the Ecumenical Temple.
  6554 | D:6      | Found Asut's Magic Scroll Shoppe.
  6573 | D:6      | Bought a scroll of butterflies for 56 gold pieces
  6573 | D:6      | Bought 2 scrolls of immolation for 112 gold pieces
  6636 | Temple   | Entered the Ecumenical Temple
  6691 | D:6      | Reached skill level 7 in Spellcasting
  6793 | D:6      | Noticed a two-headed ogre
  6800 | D:6      | Killed a two-headed ogre
  6801 | D:6      | Reached skill level 8 in Spellcasting
  6801 | D:6      | Reached XP level 8. HP: 58/58 MP: 4/20
  6953 | D:6      | Reached skill level 9 in Spellcasting
  7027 | D:6      | Reached skill level 1 in Evocations
  7033 | D:6      | Incinerated by a bombardier beetle

Illustrated notes

Levels and vault maps discovered:
D:1:      minmay_arrival_hallway, layout_basic, serial_bayou,
          serial_bayou_pond_b, serial_bayou_lagoon_b, serial_bayou_pond_b,
          serial_bayou_lagoon_a, minmay_pentomino_z4
D:2:      layout_loops_cross, shapermc_ecumenical_altar_mp_ritualfount,
          uniq_terence
D:3:      layout_loops_corners, mainiacjoe_overflow_chevrons, minmay_cut_off
D:4:      layout_loops_corners, uniq_menkaure
D:5:      layout_gridville, grunt_temple_overflow_open, serial_shops,
          kennysheep_mini
D:6:      cheibrodos_fzero, layout_loops_ring, minmay_temple_entry_poolview,
          serial_shops, shop, nicolae_take_the_stairs, nicolae_shop_behind_doors
Temple:   dpeg_five_rooms_temple

Skill      XL: |  1  2  3  4  5  6  7  8 |
---------------+-------------------------+-----
Spellcasting   | 2 3 4 6 8 9 |  9.5
Stealth        | 1 2 |  2.0
Fire Magic     | 3 4 6 7 |  7.0
Evocations     | 1 |  1.2
Fighting       | |  3.0
Polearms       | |  2.4

Action                     |  1- 3 |  4- 6 |  7- 9 || total
---------------------------+-------+-------+-------++-------
  Melee: Spear             |    83 |    15 |       ||    98
         Trident           |       |    18 |    12 ||    30
  Throw: Dart              |       |       |     1 ||     1
   Cast: Scorch            |    26 |    84 |    52 ||   162
 Invoke: Foxfire Swarm     |     1 |       |       ||     1
         Fiery Armour      |       |       |     1 ||     1
  Evoke: Wand              |       |       |     2 ||     2
    Use: Scroll            |       |    13 |       ||    13
   Stab: Sleeping          |       |     2 |       ||     2
 Armour: Robe              |    47 |    25 |    20 ||    92
  Dodge: Dodged            |    43 |    26 |    20 ||    89

Table legend: (Time is in decaauts)
 A = Elapsed time spent in this place.
 B = Non-inter-level travel time spent in this place.
 C = Inter-level travel time spent in this place.
 D = Time resting spent in this place.
 E = Time spent auto-exploring this place.
 F = Levels seen in this place.
 G = Mean time per level.
                   A        B        C        D        E       F      G
               +--------+--------+--------+--------+--------+-----+--------+
         Total |   7080 |   6783 |    297 |    150 |   5685 |   7 | 1011.4 |
       Dungeon |   7078 |   6782 |    296 |    150 |   5685 |   6 | 1179.7 |
        Temple |      1 |      1 |      0 |      0 |      0 |   1 |    1.0 |
               +--------+--------+--------+--------+--------+-----+--------+

Top non-repeatable levels by time:
     D:1: 1577 daAuts
     D:2: 1462 daAuts
     D:4: 1384 daAuts
     D:3: 1168 daAuts
     D:5: 789 daAuts
     D:6: 696 daAuts
  Temple: 1 daAuts
